 Dungeon Crawl Stone Soup version 0.29-a0-668-g12ee2bf84d (webtiles) character file.

Game seed: 15725469349817384471

825 DocClef the Shield-Bearer (level 7, -2/60 HPs)
             Began as a Gnoll Fighter on June 23, 2022.
             Slain by a sky beast (5 damage)
             ... on level 5 of the Dungeon.
             The game lasted 00:04:45 (4480 turns).

DocClef the Shield-Bearer (Gnoll Fighter)           Turns: 4480, Time: 00:04:45

Health: -2/60      AC: 17    Str: 16 (18) XL:     7   Next: 96%
Magic:  11/11      EV: 11    Int:  4 (7)  God:
Gold:   306        SH:  5    Dex: 10 (11) Spells: 11/11 levels left

rFire   . . .      SeeInvis .   n - +1 flail (protect)
rCold   + . .      Faith    .   c - +0 buckler
rNeg    . . .      Spirit   .   m - +4 ring mail
rPois   .          Reflect  .   (no helmet)
rElec   .          Harm     .   (no cloak)
rCorr   .          Rampage  .   (no gloves)
Will    .....                   (no boots)
Stlth   +.........              (no amulet)
HPRegen 0.20/turn               f - ring of protection from cold
MPRegen 0.12/turn               (no ring)

@: under a protective aura
A: fangs 1, strong nose, distributed training
a: no special abilities


You were on level 5 of the Dungeon.
You visited 1 branch of the dungeon, and saw 6 of its levels.

You collected 306 gold pieces.

Inventory:

Hand Weapons
 n - a +1 flail of protection (weapon)
Armour
 c - a +0 buckler (worn)
 m - a +4 ring mail (worn)
Jewellery
 b - a +4 ring of protection
 e - an amulet of magic regeneration
 f - a ring of protection from cold (left hand)
 h - a ring of fire
Scrolls
 a - a scroll of blinking
 g - 3 scrolls of identify
 o - a scroll of amnesia
 p - a scroll of enchant armour
 r - a scroll of silence {unknown}
Potions
 d - 2 potions of might
 i - 6 potions of curing
 j - 2 potions of brilliance
 k - a potion of heal wounds
 l - a potion of haste
 q - a potion of ambrosia


   Skills:
 + Level 7.2 Fighting
 + Level 2.8 Short Blades
 + Level 2.8 Long Blades
 + Level 2.8 Axes
 + Level 5.4 Maces & Flails
 + Level 2.8 Polearms
 + Level 2.8 Staves
 + Level 2.8 Slings
 + Level 2.8 Bows
 + Level 2.8 Crossbows
 + Level 2.8 Throwing
 + Level 7.2 Armour
 + Level 2.8 Dodging
 + Level 2.8 Stealth
 + Level 7.2 Shields
 + Level 2.8 Unarmed Combat
 + Level 2.8 Spellcasting
 + Level 2.3 Conjurations
 + Level 2.3 Hexes
 + Level 2.3 Summonings
 + Level 2.3 Necromancy
 + Level 2.3 Translocations
 + Level 2.3 Transmutations
 + Level 2.3 Fire Magic
 + Level 2.3 Ice Magic
 + Level 2.3 Air Magic
 + Level 2.3 Earth Magic
 + Level 2.3 Poison Magic
 + Level 3.1 Invocations
 + Level 2.8 Evocations


You had 11 spell levels left.
You didn't know any spells.
Your spell library contained the following spells:

 Spells                   Type           Power      Damage    Failure   Level
 Poisonous Vapours        Pois/Air       4%         N/A       50%         2
 Sublimation of Blood     Necr           2%         N/A       50%         2
 Frozen Ramparts          Ice            4%         1d2       73%         3
 Corpse Rot               Necr/Pois/Air  2%         N/A       98%         4
 Ice Form                 Ice/Tmut       2%         N/A       98%         4
 Petrify                  Tmut/Erth      2%         N/A       98%         4
 Summon Ice Beast         Ice/Summ       2%         N/A       98%         4
 Irradiate                Conj/Tmut      1%         3d13      100%        5


Dungeon Overview and Level Annotations

Branches:
Dungeon (6/15)
 Temple: D:4-7

Altars:
Sif Muna

Shops:
D:3 *


Innate Abilities, Weirdness & Mutations

You have very sharp teeth.
Your uncanny sense of smell can sniff out nearby items.
Your experience applies equally to all skills.


Message History

You are too injured to fight recklessly!
You are too injured to fight recklessly!
You barely miss the centaur.
The centaur is severely wounded.
You block the centaur's attack.
The centaur kicks you but does no damage.
The orc hits you from afar with a +0 trident.
Something hits you. Something shocks you.
* * * LOW HITPOINT WARNING * * *
The orc hits you but does no damage.
The centaur wields a +1 shortbow of freezing.
It is covered in frost.
The centaur shoots an arrow.
The arrow hits you but does no damage.
The centaur shoots an arrow.
You block the arrow.
The centaur shoots an arrow.
The arrow hits you.
* * * LOW HITPOINT WARNING * * *
The orc barely misses you. Something hits you but does no damage.
Found a hunting sling.
A sky beast appears from thin air!
Reactivating autopickup.
There is a stone staircase leading up here.
The sky beast flickers out of sight!
Deactivating autopickup; reactivate with Ctrl-A.
Something hits you but does no damage.
You climb upwards.
Reactivating autopickup.
There is a stone staircase leading down here.
You start resting.
Something hits you.
* * * LOW HITPOINT WARNING * * *
Something shocks you.
* * * LOW HITPOINT WARNING * * *
Deactivating autopickup; reactivate with Ctrl-A.
You block something's attack.
You sock something!
Your weapon exudes an aura of protection.
Something hits you but does no damage.
You sock something! Something hits you.
* * * LOW HITPOINT WARNING * * *
Something shocks you.
You die...

............[...##############.#
................####...#.....#.#
...............###...#.#.###.#.#
.....................#.#.....#.#
................>....#.#.##..#.#
.................#...#.......#.#
.................#........#..#.#
...........................#.#.#
................@......#.....#.#
..................#.##.#######.#
............................##.#
......[...........#..#.####.##.#
..........<....<..#..#.# #.##.#
................#.#..#.# #.##.#
................#.#..#.# #.##.##
##########.####...#..#.# #.##...
#.########..#.# #.#####


There were no monsters in sight!

Vanquished Creatures
  Sigmund (D:3)
  Edmund (D:4)
  An ogre (D:5)
  2 hounds (D:5)
  A jelly (D:5)
  2 iguanas
  2 orc wizards
  7 gnolls
  9 adders
  A shadow imp (D:5)
  An ufetubus (D:5)
  4 worms
  2 dart slugs
  13 orcs
  3 bats (D:2)
  8 endoplasms
  2 giant cockroaches
  11 goblins
  10 hobgoblins
  3 jackals (D:2)
  A quokka (D:5)
  5 ball pythons
  A frilled lizard (D:3)
  6 kobolds
  A rat (D:1)
98 creatures vanquished.

Notes
Turn   | Place    | Note
-------+----------+-------------------------------------------
     0 | D:1      | DocClef the Gnoll Fighter began the quest for the Orb.
     0 | D:1      | Reached XP level 1. HP: 23/23 MP: 1/1
   212 | D:1      | Found a faded altar of an unknown god.
   338 | D:1      | Reached XP level 2. HP: 29/29 MP: 2/2
   782 | D:1      | Reached XP level 3. HP: 35/35 MP: 3/3
   982 | D:2      | Reached skill level 1 in Invocations
  1075 | D:2      | Reached skill level 1 in Short Blades
  1075 | D:2      | Reached skill level 1 in Long Blades
  1075 | D:2      | Reached skill level 1 in Axes
  1075 | D:2      | Reached skill level 1 in Polearms
  1075 | D:2      | Reached skill level 1 in Staves
  1075 | D:2      | Reached skill level 1 in Slings
  1075 | D:2      | Reached skill level 1 in Bows
  1075 | D:2      | Reached skill level 1 in Crossbows
  1075 | D:2      | Reached skill level 1 in Throwing
  1075 | D:2      | Reached skill level 1 in Dodging
  1075 | D:2      | Reached skill level 1 in Stealth
  1075 | D:2      | Reached skill level 1 in Unarmed Combat
  1075 | D:2      | Reached skill level 1 in Spellcasting
  1075 | D:2      | Reached skill level 1 in Evocations
  1269 | D:2      | Reached XP level 4. HP: 41/41 MP: 5/5
  1532 | D:2      | Reached skill level 1 in Conjurations
  1532 | D:2      | Reached skill level 1 in Hexes
  1532 | D:2      | Reached skill level 1 in Summonings
  1532 | D:2      | Reached skill level 1 in Necromancy
  1532 | D:2      | Reached skill level 1 in Translocations
  1532 | D:2      | Reached skill level 1 in Transmutations
  1532 | D:2      | Reached skill level 1 in Fire Magic
  1532 | D:2      | Reached skill level 1 in Ice Magic
  1532 | D:2      | Reached skill level 1 in Air Magic
  1532 | D:2      | Reached skill level 1 in Earth Magic
  1532 | D:2      | Reached skill level 1 in Poison Magic
  1704 | D:2      | Reached XP level 5. HP: 44/47 MP: 5/7
  1814 | D:3      | Noticed Sigmund
  1980 | D:3      | Killed Sigmund
  1981 | D:3      | Reached skill level 5 in Maces & Flails
  1981 | D:3      | Reached XP level 6. HP: 49/53 MP: 8/8
  2304 | D:3      | Found Vodghiv's General Store.
  2394 | D:3      | Found a shimmering blue altar of Sif Muna.
  2713 | D:4      | Noticed Edmund
  2738 | D:4      | Killed Edmund
  2739 | D:4      | Reached XP level 7. HP: 52/60 MP: 10/10
  3312 | D:5      | Entered Level 5 of the Dungeon
  3502 | D:5      | Identified the +0 robe "Leedghena" {*Corrode rF++ Dex+4}
  4480 | D:5      | HP: 3/60 [something (4)]
  4480 | D:5      | Slain by a sky beast

Illustrated notes

Levels and vault maps discovered:
D:1:      mrwooster_arrival_arrow, layout_loops_ring, serial_glass,
          glass_columns_b, glass_columns_c, glass_columns_b, glass_columns_c,
          basic_ecumenical_altar
D:2:      layout_rooms
D:3:      layout_rooms, led_sif_book, lemuel_coloured_pillars_altar,
          serial_shops, shop, serial_aquarium, aquarium_bridge_island_small
          [aquarium_subvault_small_water, aquarium_subvault_balcony,
          aquarium_subvault_bridge, aquarium_subvault_bridge,
          aquarium_subvault_window], aquarium_bridge_straight
          [aquarium_subvault_bridge, aquarium_subvault_balcony,
          aquarium_subvault_bridge, aquarium_subvault_window],
          aquarium_window_1, aquarium_window_corner, aquarium_window_double,
          aquarium_view_2f, aquarium_view_2d, uniq_sigmund
D:4:      nicolae_cairo_tiling_very_big, layout_rooms, uniq_edmund
D:5:      layout_basic
D:6:      layout_cave_pools, mainiacjoe_overflow_six_doors_small,
          chequers_serial_rivers_micro_b, minmay_misc_feat_tower,
          minmay_door_square

Skill      XL: |  1  2  3  4  5  6  7 |
---------------+----------------------+-----
Invocations    | 1 2 3 |  3.1
Short Blades   | 1 2 |  2.8
Long Blades    | 1 2 |  2.8
Axes           | 1 2 |  2.8
Polearms       | 1 2 |  2.8
Staves         | 1 2 |  2.8
Slings         | 1 2 |  2.8
Bows           | 1 2 |  2.8
Crossbows      | 1 2 |  2.8
Throwing       | 1 2 |  2.8
Dodging        | 1 2 |  2.8
Stealth        | 1 2 |  2.8
Unarmed Combat | 1 2 |  2.8
Spellcasting   | 1 2 |  2.8
Evocations     | 1 2 |  2.8
Conjurations   | 1 2 |  2.3
Hexes          | 1 2 |  2.3
Summonings     | 1 2 |  2.3
Necromancy     | 1 2 |  2.3
Translocations | 1 2 |  2.3
Transmutations | 1 2 |  2.3
Fire Magic     | 1 2 |  2.3
Ice Magic      | 1 2 |  2.3
Air Magic      | 1 2 |  2.3
Earth Magic    | 1 2 |  2.3
Poison Magic   | 1 2 |  2.3
Maces & Flails | 5 |  5.4
Fighting       | 7 |  7.2
Armour         | 7 |  7.2
Shields        | 7 |  7.2

Action                   |  1- 3 |  4- 6 |  7- 9 || total
-------------------------+-------+-------+-------++-------
Melee: Flail             |    76 |   162 |   132 ||   370
       Bite              |     2 |    11 |    11 ||    24
  Use: Scroll            |     5 |     8 |       ||    13
       Potion            |     4 |     1 |     1 ||     6
Armor: Scale mail        |    28 |       |       ||    28
       Ring mail         |     1 |    92 |    77 ||   170
Dodge: Dodged            |    46 |    67 |    84 ||   197
Block: Buckler           |    18 |    53 |    49 ||   120

Table legend: (Time is in decaauts)
 A = Elapsed time spent in this place.
 B = Non-inter-level travel time spent in this place.
 C = Inter-level travel time spent in this place.
 D = Time resting spent in this place.
 E = Time spent auto-exploring this place.
 F = Levels seen in this place.
 G = Mean time per level.
                   A        B        C        D        E       F      G
               +--------+--------+--------+--------+--------+-----+--------+
         Total |   4553 |   4474 |     79 |    489 |   3080 |   6 |  758.8 |
       Dungeon |   4553 |   4474 |     79 |    489 |   3080 |   6 |  758.8 |
               +--------+--------+--------+--------+--------+-----+--------+

Top non-repeatable levels by time:
     D:5: 1157 daAuts
     D:2: 1055 daAuts
     D:1: 949 daAuts
     D:4: 874 daAuts
     D:3: 494 daAuts
     D:6: 21 daAuts
